 Dungeon Crawl Stone Soup version 0.30-a0-571-gdf30a72648 (webtiles) character file.

Game seed: 14362629974887224612

544 bmack86 the Chopper (level 7, -3/61 HPs)
             Began as a Minotaur Fighter on Dec 29, 2022.
             Slain by Blork the orc
             ... wielding a +0 long sword
              (8 damage)
             ... on level 4 of the Dungeon.
             The game lasted 00:07:18 (2493 turns).

bmack86 the Chopper (Minotaur Fighter)              Turns: 2493, Time: 00:07:19

Health: -3/61      AC:  8    Str: 22    XL:     7   Next: 6%
Magic:  6/6        EV:  9    Int:  5    God:
Gold:   61         SH:  5    Dex: 10    Spells: 6/6 levels left

rFire   . . .      SeeInvis .    a - +0 war axe
rCold   . . .      Faith    .    c - +0 buckler
rNeg    . . .      Spirit   .    b - +0 scale mail
rPois   .          Reflect  .    (helmet restricted)
rElec   .          Harm     .    (no cloak)
rCorr   .          Rampage  .    q - +0 pair of gloves
Will    .....                    (no boots) Stlth
                                 (no amulet)
HPRegen 0.30/turn                l - ring of flight
MPRegen 0.10/turn                o - +4 ring of slaying

@: flying
A: horns 2, retaliatory headbutt
a: no special abilities


You were on level 4 of the Dungeon.
You visited 1 branch of the dungeon, and saw 4 of its levels.

You collected 119 gold pieces.
You spent 58 gold pieces at shops.

Inventory:

Hand Weapons
 a - a +0 war axe (weapon)
Armour
 b - a +0 scale mail (worn)
 c - a +0 buckler (worn)
 q - a +0 pair of gloves (worn)
Jewellery
 l - a ring of flight (left hand)
 o - a +4 ring of slaying (right hand)
Wands
 s - a wand of flame (17)
Scrolls
 e - a scroll of fog {unknown}
 g - 2 scrolls of fear {unknown}
 h - 2 scrolls of poison {unknown}
 i - 4 scrolls of vulnerability {unknown}
 n - a scroll of enchant weapon {unknown}
 p - a scroll of amnesia {unknown}
 r - a scroll of blinking {unknown}
Potions
 d - a potion of might
 f - 2 potions of ambrosia
 j - a potion of heal wounds
 k - a potion of mutation {unknown}
 m - a potion of lignification {unknown}


   Skills:
 + Level 5.4 Fighting
 * Level 6.1 Axes
 + Level 5.3 Armour
 + Level 5.4 Shields


You had 6 spell levels left.
You didn't know any spells.
Your spell library contained the following spells:

 Spells                   Type           Power      Damage    Failure   Level
 Ensorcelled Hibernation  Hex/Ice        0%         N/A       95%         2
 Spider Form              Tmut/Pois      0%         N/A       99%         3
 Anguish                  Hex/Necr       0%         N/A       100%        4
 Yara's Violent Unravell  Hex/Tmut       0%         3d3       100%        5
 Enfeeble                 Hex            0%         N/A       100%        7


Dungeon Overview and Level Annotations

Branches:
Dungeon (4/15)
 Temple: D:4-7

Altars:

Shops:
D:1 [

Annotations:
D:3 1 runed translucent door, Crazy Yiuf
D:4 Blork the orc


Innate Abilities, Weirdness & Mutations

You have a pair of horns on your head.
You reflexively headbutt those who attack you in melee.


Message History

You block the orc's attack. You block the orc priest's attack.
The orc hits you with a +0 flail. The orc hits you with a +0 mace.
The orc priest hits you with a +0 club.
Blork the orc hits you with a +0 long sword.
The orc closely misses you. You furiously retaliate!
You headbutt the orc. The orc hits you with a +0 mace.
The orc hits you with a +0 trident.
* * * LOW HITPOINT WARNING * * *
You slash Blork the orc!
Blork the orc is moderately wounded.
You hit the orc.
You kill the orc!
You slash the orc!
You kill the orc!
You hit the orc but do no damage. You slash the orc priest!
The orc closely misses you.
The orc priest casts a cantrip, but nothing happens.
You block Blork the orc's attack.
You have reached level 7!
You slash the orc priest!
You kill the orc priest!
You hit Blork the orc. You barely miss the orc.
The orc hits you with a +0 trident.
* * * LOW HITPOINT WARNING * * *
Blork the orc hits you with a +0 long sword!
* * * LOW HITPOINT WARNING * * *
The orc barely misses you. You furiously retaliate!
You headbutt the orc. Blork the orc closely misses you.
You furiously retaliate!
You headbutt Blork the orc!
You see here a +0 club.
You slash the orc!
You kill the orc!
You barely miss Blork the orc. Blork the orc barely misses you.
Blork the orc misses you.
You hit Blork the orc.
Blork the orc is severely wounded.
Blork the orc points at you and mumbles some strange words.
The puff of frost hits you.
* * * LOW HITPOINT WARNING * * *
Blork the orc hits you with a +0 long sword!
You die...

#.)......#
#........#
#.......###
#........###
#..........
####.......#
#.........
#####.#.#
#........ #.#.#
#......# #.#.#
#......# #.#.#
#.o)...#
#.#.####)@)...#
#.#...)...)...#
#.######......#
.......##
#######.# .# .#
.#


You could see Blork the orc.

Vanquished Creatures
  Grinder (D:3)
  A gnoll bouda (D:4)
  A hound (D:2)
  2 orc priests (D:4)
  Terence (D:2)
  Natasha (thrice) (D:3)
  2 adders (D:3)
  5 gnolls (D:4)
  A worm (D:3)
  3 orcs (D:4)
  3 ball pythons
  10 endoplasms
  6 giant cockroaches
  5 goblins
  A hobgoblin (D:1)
  10 jackals
  5 quokkas
  5 bats
  8 kobolds
  4 rats
77 creatures vanquished.

Notes
Turn   | Place    | Note
-------+----------+-------------------------------------------
     0 | D:1      | bmack86 the Minotaur Fighter began the quest for the Orb.
     0 | D:1      | Reached XP level 1. HP: 19/19 MP: 0/0
   131 | D:1      | Reached XP level 2. HP: 20/27 MP: 1/1
   221 | D:1      | Found Nainualeis's Armour Shop.
   499 | D:1      | Reached skill level 3 in Axes
   929 | D:2      | Reached XP level 3. HP: 31/33 MP: 2/2
  1094 | D:2      | Reached XP level 4. HP: 28/40 MP: 3/3
  1174 | D:2      | Noticed Terence
  1184 | D:2      | Killed Terence
  1185 | D:2      | Reached skill level 4 in Axes
  1573 | D:1      | Bought a +0 pair of gloves for 58 gold pieces
  1708 | D:3      | Noticed Grinder
  1722 | D:3      | Paralysed by Grinder for 2 turns
  1724 | D:3      | Killed Grinder
  1725 | D:3      | Reached skill level 5 in Axes
  1725 | D:3      | Reached skill level 5 in Shields
  1725 | D:3      | Reached XP level 5. HP: 6/47 MP: 4/4
  1725 | D:3      | Reached XP level 6. HP: 7/55 MP: 5/5
  1903 | D:3      | Found a runed translucent door.
  1904 | D:3      | Noticed Crazy Yiuf
  2002 | D:3      | Found a faded altar of an unknown god.
  2056 | D:3      | Noticed Natasha
  2059 | D:3      | Reached skill level 5 in Fighting
  2065 | D:3      | Killed Natasha
  2066 | D:3      | Reached skill level 5 in Armour
  2179 | D:3      | Noticed Natasha
  2188 | D:3      | Killed Natasha
  2257 | D:3      | Noticed Natasha
  2263 | D:3      | Killed Natasha
  2482 | D:4      | Reached skill level 6 in Axes
  2483 | D:4      | Noticed Blork the orc
  2489 | D:4      | Reached XP level 7. HP: 16/61 MP: 6/6
  2493 | D:4      | Slain by Blork the orc

Illustrated notes

Levels and vault maps discovered:
D:1:      mushboom_english_gardens, layout_basic, serial_shops, shop
D:2:      layout_basic, uniq_terence
D:3:      layout_rooms, ebering_ecumenical_altar_petrified, uniq_grinder,
          uniq_crazy_yiuf_cottage, uniq_natasha
D:4:      layout_basic, kennysheep_mini, portal_sewer_entry_e,
          minmay_misc_feat_iff, uniq_eustachio, uniq_blork_the_orc

Skill      XL: |  1  2  3  4  5  6 |
---------------+-------------------+-----
Axes           | 3 5 6 |  6.1
Shields        | 4 5 |  5.4
Fighting       | 4 5 |  5.4
Armour         | 4 5 |  5.3

Action                   |  1- 3 |  4- 6 |  7- 9 || total
-------------------------+-------+-------+-------++-------
Melee: War axe           |    58 |    73 |     3 ||   134
       Headbutt          |     4 |    15 |       ||    19
  Use: Scroll            |     2 |     1 |       ||     3
Armor: Scale mail        |    53 |    40 |       ||    93
Dodge: Dodged            |    42 |    33 |     4 ||    79
Block: Buckler           |    19 |    19 |       ||    38

Table legend: (Time is in decaauts)
 A = Elapsed time spent in this place.
 B = Non-inter-level travel time spent in this place.
 C = Inter-level travel time spent in this place.
 D = Time resting spent in this place.
 E = Time spent auto-exploring this place.
 F = Levels seen in this place.
 G = Mean time per level.
                   A        B        C        D        E       F      G
               +--------+--------+--------+--------+--------+-----+--------+
         Total |   2538 |   2460 |     78 |    295 |   1338 |   4 |  634.5 |
       Dungeon |   2538 |   2460 |     78 |    295 |   1338 |   4 |  634.5 |
               +--------+--------+--------+--------+--------+-----+--------+

Top non-repeatable levels by time:
     D:1: 855 daAuts
     D:2: 769 daAuts
     D:3: 719 daAuts
     D:4: 194 daAuts
